 Dungeon Crawl Stone Soup version 0.29-a0-187-ga23d9638d5 (webtiles) character file.

Game seed: 10411789357862938664

109 googobbug the Chopper (level 4, -5/41 HPs)
             Began as a Hill Orc Fighter on Feb 21, 2022.
             Killed from afar by Ijyb (17 damage)
             ... with a bolt of acid
             ... on level 3 of the Dungeon.
             The game lasted 00:07:00 (1576 turns).

googobbug the Chopper (Hill Orc Fighter)            Turns: 1576, Time: 00:07:02

Health: -5/41      AC:  4    Str: 20    XL:     4   Next: 90%
Magic:  4/4        EV:  9    Int:  8    God:
Gold:   74         SH:  4    Dex: 10    Spells: 3/3 levels left

rFire   . . .      SeeInvis .   a - +0 war axe
rCold   . . .      Faith    +   c - +0 buckler
rNeg    . . .      Spirit   .   b - +0 scale mail
rPois   .          Reflect  .   (no helmet)
rElec   .          Harm     .   (no cloak)
rCorr   .          Rampage  .   e - +0 pair of gloves
Will    +....                   (no boots)
Stlth   ..........              m - amulet of faith
HPRegen 0.13/turn               f - ring of willpower
MPRegen 0.09/turn               (no ring)

@: corroded
A: no striking features
a: no special abilities


You were on level 3 of the Dungeon.
You visited 1 branch of the dungeon, and saw 3 of its levels.

You collected 74 gold pieces.

Inventory:

Hand Weapons
 a - a +0 war axe (weapon)
Missiles
 j - 6 poisoned darts (quivered)
Armour
 b - a +0 scale mail (worn)
 c - a +0 buckler (worn)
 e - a +0 pair of gloves (worn)
Jewellery
 f - a ring of willpower (left hand)
 m - an amulet of faith (around neck)
Scrolls
 g - a scroll of identify
 h - a scroll of brand weapon
 i - 2 scrolls of enchant armour {unknown}
 l - a scroll of vulnerability {unknown}
 n - a scroll of immolation {unknown}
 o - a scroll of teleportation {unknown}
 q - a scroll of enchant weapon {unknown}
 r - a scroll of fog {unknown}
Potions
 d - a potion of might
 k - a potion of curing {unknown}
 p - a potion of ambrosia {unknown}
 s - 3 potions of haste {unknown}
 t - a potion of lignification {unknown}


   Skills:
 + Level 4.4 Fighting
 + Level 4.7 Axes
 + Level 3.7 Armour
 + Level 0.3 Dodging
 + Level 3.7 Shields


You had 3 spell levels left.
You didn't know any spells.
Your spell library was empty.

Dungeon Overview and Level Annotations

Branches:
Dungeon (3/15)

Altars:

Annotations:
D:3 Ijyb


Message History

You kill the kobold!
Things that are here:
a +0 short sword; 5 stones; a kobold corpse You see here 16 stones.
You see here 16 stones.
You see here a +0 short sword.
A bat comes into view.
Found a stone staircase leading down.
The bat misses you.
You hit the bat.
You kill the bat!
You see here a bat corpse.
You open the door.
A hobgoblin comes into view.
The hobgoblin shouts!
There is an open door here.
You barely miss the hobgoblin.
The hobgoblin hits you but does no damage. x2
You closely miss the hobgoblin. The hobgoblin barely misses you.
You slash the hobgoblin!
You kill the hobgoblin!
You see here a hobgoblin corpse.
You see here a hobgoblin corpse.
There is an open door here.
There is a stone staircase leading down here.
You climb downwards.
The hobgoblin shouts!
You hear a shout!
There is a stone staircase leading up here.
Found a leather armour.
Ijyb the Twisted Goblin comes into view.
She is wielding a +5 dagger of draining, wearing a +3 leather armour of poison resistance and carrying a wand of acid (11).
Ijyb shouts!
You block the hobgoblin's attack.
Found 10 gold pieces.
You block the hobgoblin's attack.
You slash the hobgoblin!
You kill the hobgoblin!
Ijyb zaps a wand.
The bolt of acid hits you!!
Ouch! That really hurt!
* * * LOW HITPOINT WARNING * * *
The acid corrodes you!
Ijyb zaps a wand.
The bolt of acid hits you!
You die...

.... .... .....
#....#####
........#### #
..##...#....## ...
$..g...†.....#.....
.......@...<..#
..............#
..................
..#..........###...
. ##........... .#
####....#.### .
###....# #..[..


You could see Ijyb.

Vanquished Creatures
  Jessica (D:2)
  An iguana (D:2)
  An adder (D:2)
  3 dart slugs
  A ball python (D:1)
  7 endoplasms
  4 giant cockroaches
  3 goblins
  4 hobgoblins
  3 quokkas
  2 bats
  2 frilled lizards
  7 kobolds
  3 rats
  A spectral goblin (D:1)
43 creatures vanquished.

Notes
Turn   | Place    | Note
-------+----------+-------------------------------------------
     0 | D:1      | googobbug the Hill Orc Fighter began the quest for the Orb.
     0 | D:1      | Reached XP level 1. HP: 19/19 MP: 1/1
   396 | D:1      | Found a faded altar of an unknown god.
   399 | D:1      | Reached XP level 2. HP: 27/27 MP: 2/2
   600 | D:1      | Reached XP level 3. HP: 32/33 MP: 3/3
   748 | D:2      | Reached XP level 4. HP: 19/40 MP: 4/4
  1250 | D:2      | Noticed Jessica
  1253 | D:2      | Killed Jessica
  1574 | D:3      | Noticed Ijyb
  1576 | D:3      | Killed from afar by Ijyb

Illustrated notes

Levels and vault maps discovered:
D:1:      eino_arrival_cavern_b, layout_basic,
          dreamdust_ecumenical_altar_drowned_temple
D:2:      layout_loops_ring, nrook_mini_vaults, kennysheep_jessica_study
D:3:      layout_rooms, mainiacjoe_overflow_alcove_2, minivault_26,
          serial_bayou_crossing, uniq_ijyb

Skill      XL: |  1  2  3 |
---------------+----------+-----
Fighting       | 4 |  4.4
Axes           | 3 4 |  4.7
Armour         | |  3.7
Dodging        | |  0.3
Shields        | |  3.7

Action                   |  1- 3 |  4- 6 || total
-------------------------+-------+-------++-------
Melee: War axe           |    66 |    38 ||   104
  Use: Scroll            |     1 |       ||     1
Armor: Scale mail        |    29 |    16 ||    45
Dodge: Dodged            |    24 |    19 ||    43
Block: Buckler           |    10 |    11 ||    21

Table legend: (Time is in decaauts)
 A = Elapsed time spent in this place.
 B = Non-inter-level travel time spent in this place.
 C = Inter-level travel time spent in this place.
 D = Time resting spent in this place.
 E = Time spent auto-exploring this place.
 F = Levels seen in this place.
 G = Mean time per level.
                   A        B        C        D        E       F      G
               +--------+--------+--------+--------+--------+-----+--------+
         Total |   1621 |   1621 |      0 |    497 |    300 |   3 |  540.3 |
       Dungeon |   1621 |   1621 |      0 |    497 |    300 |   3 |  540.3 |
               +--------+--------+--------+--------+--------+-----+--------+

Top non-repeatable levels by time:
     D:2: 872 daAuts
     D:1: 744 daAuts
     D:3: 4 daAuts
